 Dungeon Crawl Stone Soup version 0.29-a0-334-gb41bcbb86e (console) character file.

Game seed: 15753020571399894406

859620 liru the Rhythm of Life and Death (level 27, 0/177 (187) HPs)
             Began as a Vine Stalker Wanderer on Apr 14, 2022.
             Was a Follower of Uskayaw.
             Engulfed by a putrid mouth's foul pestilence (1 damage)
             ... on level 2 of Tartarus.
             The game lasted 03:19:30 (70346 turns).

liru the Rhythm of Life and Death (VSWn)           Turns: 70346, Time: 03:19:31

HP:   0/177 (187)   AC: 36    Str: 22    XL:     27
MP:   0/41          EV: 19    Int: 11    God:    Uskayaw [*.....]
Gold: 9979          SH: 19    Dex: 21    Spells: 31/32 levels left

rFire   + + .      SeeInvis +   o - +9 rapier (speed)
rCold   + + .      Faith    .   B - +2 shield of Resistance {rF++ rC++ Will++}
rNeg    + . .      Spirit   +   R - +10 storm dragon scales
rPois   +          Reflect  .   L - +2 helmet "Ytuabif" {Fly rN+ Slay+3}
rElec   +          Harm     .   d - +2 cloak {rPois}
rCorr   .          Rampage  .   P - +2 pair of gloves {Dex+3}
Will    ++...                   f - +2 pair of boots {Fly}
Stlth   ..........              U - amulet of Vitality {Regen+ HP+15}
HPRegen 1.99/turn               v - ring of see invisible
MPRegen 0.27/turn               s - +4 ring of slaying

@: lethally poisoned (0 -> -4), flying, hasted and slowed, wreathed by umbra,
silenced, drained, weak-willed
A: fangs 3, regeneration 1, magic shield, antimagic bite, no potion heal 2, wild
magic 1, MP-powered wands, clumsy 1[+1], [deformed body]
}: 10/15 runes: serpentine, barnacled, slimy, silver, abyssal, demonic, glowing,
magical, fiery, dark
a: Renounce Religion


You were on level 2 of Tartarus.
You worshipped Uskayaw.
Uskayaw was exalted by your worship.
You visited 15 branches of the dungeon, and saw 61 of its levels.
You visited Pandemonium 2 times, and saw 14 of its levels.
You visited the Abyss 2 times.
You visited 1 bazaar.
You also visited: Bailey, Ice Cave, Volcano, Wizlab and Desolation.

You collected 13583 gold pieces.
You spent 3604 gold pieces at shops.

Inventory:

Hand Weapons
 o - a +9 rapier of speed (weapon)
Missiles
 e - 4 throwing nets
 G - 35 curare-tipped darts (quivered)
Armour
 d - a +2 cloak of poison resistance (worn)
 f - a +2 pair of boots of flying (worn)
 B - the +2 shield of Resistance (worn) {rF++ rC++ Will++}
   (You found it on level 3 of the Elven Halls)

   rF:        It greatly protects you from fire.
   rC:        It greatly protects you from cold.
   Will:      It greatly increases your willpower.
 L - the +2 helmet "Ytuabif" (worn) {Fly rN+ Slay+3}
   (You found it in the Desolation of Salt)

   Slay:      It affects your accuracy & damage with ranged weapons and melee
   (+3).
   rN:        It protects you from negative energy.
   Fly:       It grants you flight.
 P - a +2 pair of gloves of dexterity (worn)
 R - +10 storm dragon scales (worn)
Jewellery
 a - the ring of Kamm {rElec rCorr Int+6 Stlth+}
   (You found it in Pandemonium)

   [ring of intelligence]

   Int:       It affects your intelligence (+6).
   rElec:     It insulates you from electricity.
   rCorr:     It protects you from acid and corrosion.
   Stlth:     It makes you more stealthy.
 g - the ring of Woloxt {EV+4 Int+3}
   (You found it on level 4 of the Realm of Zot)

   [ring of evasion]

   EV:        It affects your evasion (+4).
   Int:       It affects your intelligence (+3).
 h - the ring "Uczur" {rPois rF+ rC+ Str+2}
   (You found it in the Desolation of Salt)

   [ring of poison resistance]

   Str:       It affects your strength (+2).
   rF:        It protects you from fire.
   rC:        It protects you from cold.
   rPois:     It protects you from poison.
 q - the ring of Siprisall {rPois Will+ Int+5}
   (You found it in the Desolation of Salt)

   [ring of willpower]

   Int:       It affects your intelligence (+5).
   rPois:     It protects you from poison.
   Will:      It increases your willpower.
 s - a +4 ring of slaying (right hand)
 v - a ring of see invisible (left hand)
 U - the amulet of Vitality (around neck) {Regen+ HP+15}
   (You bought it in a shop on level 2 of the Orcish Mines)

   [amulet of regeneration]

   HP:        It affects your health (+15).
   Regen:     It increases your rate of health regeneration.
Wands
 i - a wand of acid (27)
 E - a wand of iceblast (37)
 N - a wand of digging (10)
 Q - a wand of paralysis (32)
 T - a wand of charming (7)
Scrolls
 b - a scroll of silence
 c - 12 scrolls of fog
 j - 26 scrolls of teleportation
 k - 9 scrolls of blinking
 l - 8 scrolls of vulnerability
 p - a scroll of enchant armour
 x - 7 scrolls of summoning
 y - 4 scrolls of immolation
 I - 12 scrolls of magic mapping
 J - 4 scrolls of holy word
 S - 2 scrolls of enchant weapon
 V - a scroll of torment
 X - 11 scrolls of fear
 Y - 5 scrolls of brand weapon
Potions
 n - 8 potions of mutation
 r - 3 potions of ambrosia
 t - 6 potions of might
 u - 30 potions of curing
 w - 3 potions of cancellation
 z - 11 potions of brilliance
 A - 2 potions of invisibility
 C - 6 potions of magic
 D - 4 potions of haste
 F - 4 potions of resistance
Miscellaneous
 m - a phantom mirror
 H - a lightning rod (4/4)
 K - a condenser vane
 M - a box of beasts
 O - a phial of floods
 W - the horn of Geryon


   Skills:
 + Level 26.4 Fighting
 - Level 16.1 Short Blades
 - Level 3.6 Axes
 - Level 4.0 Throwing
 - Level 15.0 Armour
 - Level 18.0 Dodging
 - Level 20.0 Shields
 - Level 3.2 Spellcasting
 O Level 27 Invocations
 - Level 8.0 Evocations


You had 31 spell levels left.
You knew the following spells:

 Your Spells              Type           Power      Damage    Failure   Level
a - Sandblast             Erth           4%         2d4       90%         1

Your spell library contained the following spells:

 Spells                   Type           Power      Damage    Failure   Level
 Animate Skeleton         Necr           4%         N/A       90%         1
 Beastly Appendage        Tmut           4%         N/A       90%         1
 Magic Dart               Conj           8%         1d3       90%         1
 Pain                     Necr           8%         1d4       90%         1
 Shock                    Conj/Air       8%         1d3       90%         1
 Call Imp                 Summ           2%         N/A       97%         2
 Corpse Rot               Necr/Air       4%         N/A       97%         2
 Ensorcelled Hibernation  Hex/Ice        4%         N/A       97%         2
 Passwall                 Tmut/Erth      1%         N/A       97%         2
 Poisonous Vapours        Pois/Air       4%         N/A       97%         2
 Scorch                   Fire           4%         2d5       97%         2
 Searing Ray              Conj           4%         2d4       97%         2
 Sublimation of Blood     Necr           2%         N/A       97%         2
 Wereblood                Tmut           2%         N/A       97%         2
 Call Canine Familiar     Summ           2%         N/A       99%         3
 Conjure Flame            Conj/Fire      2%         6-21      99%         3
 Dazzling Flash           Conj/Hex       4%         N/A       99%         3
 Gell's Gravitas          Tloc           2%         N/A       99%         3
 Ignite Poison            Fire/Tmut/Pois 2%         N/A       99%         3
 Inner Flame              Hex/Fire       2%         N/A       99%         3
 Lesser Beckoning         Tloc           2%         N/A       99%         3
 Mephitic Cloud           Conj/Pois/Air  2%         N/A       99%         3
 Portal Projectile        Hex/Tloc       4%         N/A       99%         3
 Spider Form              Tmut/Pois      2%         N/A       99%         3
 Stone Arrow              Conj/Erth      4%         3d7       99%         3
 Summon Guardian Golem    Hex/Summ       2%         N/A       99%         3
 Swiftness                Air            2%         N/A       99%         3
 Teleport Other           Tloc           2%         N/A       99%         3
 Tukima's Dance           Hex            2%         N/A       99%         3
 Vampiric Draining        Necr           2%         2d6       99%         3
 Airstrike                Air            1%         N/A       100%        4
 Anguish                  Hex/Necr       1%         N/A       100%        4
 Animate Dead             Necr           1%         N/A       100%        4
 Cause Fear               Hex            1%         N/A       100%        4
 Dispel Undead            Necr           2%         3d7       100%        4
 Flame Wave               Conj/Fire      2%         2d4       100%        4
 Fulminant Prism          Conj/Hex       1%         3d6       100%        4
 Hailstorm                Conj/Ice       2%         3d3       100%        4
 Ice Form                 Ice/Tmut       2%         N/A       100%        4
 Iskenderun's Mystic Bla  Conj/Tloc      2%         2d3       100%        4
 Leda's Liquefaction      Hex/Erth       1%         N/A       100%        4
 Olgreb's Toxic Radiance  Pois           2%         N/A       100%        4
 Passage of Golubria      Tloc           2%         N/A       100%        4
 Petrify                  Tmut/Erth      2%         N/A       100%        4
 Sticky Flame             Conj/Fire      2%         2d3       100%        4
 Alistair's Intoxication  Tmut/Pois      1%         N/A       100%        5
 Blade Hands              Tmut           1%         N/A       100%        5
 Borgnjor's Vile Clutch   Necr/Erth      1%         N/A       100%        5
 Excruciating Wounds      Necr           1%         N/A       100%        5
 Fireball                 Conj/Fire      1%         3d3       100%        5
 Freezing Cloud           Conj/Ice/Air   1%         6-21      100%        5
 Lee's Rapid Deconstruct  Erth           1%         3d5*      100%        5
 Lightning Bolt           Conj/Air       1%         1d12      100%        5
 Metabolic Englaciation   Hex/Ice        1%         N/A       100%        5
 Silence                  Hex/Air        1%         N/A       100%        5
 Summon Forest            Summ/Tloc      1%         N/A       100%        5
 Summon Mana Viper        Hex/Summ       2%         N/A       100%        5
 Yara's Violent Unravell  Hex/Tmut       1%         3d3       100%        5
 Conjure Ball Lightning   Conj/Air       1%         3x3d6     100%        6
 Death Channel            Necr           1%         N/A       100%        6
 Eringya's Noxious Bog    Tmut/Pois      1%         N/A       100%        6
 Simulacrum               Ice/Necr       1%         N/A       100%        6
 Starburst                Conj/Fire      1%         6d3       100%        6
 Statue Form              Tmut/Erth      1%         N/A       100%        6
 Summon Cactus Giant      Summ           1%         N/A       100%        6
 Enfeeble                 Hex            1%         N/A       100%        7
 Haunt                    Necr/Summ      1%         N/A       100%        7
 Malign Gateway           Summ/Tloc      1%         N/A       100%        7
 Orb of Destruction       Conj           1%         9d5       100%        7
 Ozocubu's Refrigeration  Ice            1%         4d5       100%        7
 Spellforged Servitor     Conj/Summ      1%         N/A       100%        7
 Summon Hydra             Summ           1%         N/A       100%        7
 Discord                  Hex            1%         N/A       100%        8
 Disjunction              Tloc           1%         N/A       100%        8
 Ignition                 Fire           1%         3d3       100%        8
 Infestation              Necr           1%         N/A       100%        8
 Lehudib's Crystal Spear  Conj/Erth      1%         10d2      100%        8
 Polar Vortex             Ice            1%         N/A       100%        9


Dungeon Overview and Level Annotations

Branches:
Dungeon (15/15)            Temple (1/1) D:7            Lair (6/6) D:10
 Shoals (4/4) Lair:2        Snake (4/4) Lair:3        Slime (5/5) Lair:6
    Orc (2/2) D:9             Elf (3/3) Orc:2        Vaults (5/5) D:14
  Crypt (3/3) Vaults:3       Tomb (2/3) Crypt:3      Depths (4/4) D:15
   Hell (visited)             Dis (0/7) Hell            Geh (0/7) Hell
    Coc (0/7) Hell            Tar (2/7) Hell            Zot (4/5) Depths:4
 Bailey (visited)           IceCv (visited)         Volcano (visited)
 WizLab (visited)         Desolation (visited)

Altars:
Ashenzari
Cheibriados
Dithmenos
Elyvilon
Gozag
Hepliaklqana
Kikubaaqudgha
Makhleb
Nemelex Xobeh
Okawaru
Ru
Sif Muna
Uskayaw
Vehumet
Wu Jian
Xom
Yredelemnul
Zin
The Shining One
Beogh
Jiyva

Shops:
D:2 (   D:12 *   Orc:2 ==(:   Elf:2 (   Elf:3 !   Snake:2 :   Snake:4 *
Vaults:4 ?

Portals:
Hell: Depths:1 Depths:2 Depths:3 Depths:4
Abyss: Depths:3
Pandemonium: Depths:1 Depths:2 Depths:3
Ziggurat: Depths:1
Trove: Vaults:1 (give 8 scrolls of blinking)

Annotations:
D:14 Roxanne
Lair:3 exclusion: oklob plant
Lair:5 exclusion: 2 oklob plants


Innate Abilities, Weirdness & Mutations

You have razor-sharp teeth.
Your natural rate of healing is unusually fast.
When hurt, damage is shared between your health and your magic reserves.
Your bite disrupts and absorbs the magic of your enemies.
Potions cannot restore your health.
Your spells are a little harder to cast, but a little more powerful.
You expend magic power (3 MP) to strengthen your wands.
[You are very clumsy. (Dex -4)]
[Armour fits poorly on your strangely shaped body.]


Message History

You block the spectral harpy's attack.
The spectral harpy completely misses you.
The spectral harpy misses you.
The spectral harpy claws you but does no damage.
The spectral harpy barely misses you. The spectral harpy misses you. x2
The spectral harpy completely misses you.
The spectral harpy claws you but does no damage.
You block the spectral harpy's attack.
The spectral harpy claws you but does no damage.
The eidolon gestures.
The eidolon radiates an aura of fear!
You are terrified of the eidolon!
The putrid mouth howls a warning cry!
The eidolon gestures.
The eidolon radiates an aura of fear!
The doom hound bites you but does no damage.
The doom hound closely misses you.
The spectral harpy claws you but does no damage. x2
The bone dragon bites you but does no damage.
The bone dragon completely misses you. The bone dragon barely misses you.
You block the doom hound's attack.
The doom hound claws you but does no damage.
Unknown command.
You hit the spectral juggernaut but do no damage.
You bite the spectral juggernaut. You drain its power.
You feel invigorated.
The spectral juggernaut is lightly damaged.
You are engulfed in dark miasma.
You are no longer terrified.
You feel sick. You block the spectral harpy's attack.
The spectral harpy claws you but does no damage.
The spectral juggernaut hits you!!
* * * LOW HITPOINT WARNING * * *
You partially resist.
You feel drained.
* * * LOW HITPOINT WARNING * * *
The spectral juggernaut hits you but does no damage.
You block the profane servitor's attack.
The profane servitor hits you but does no damage.
You hit the bone dragon but do no damage.
You bite the bone dragon, but do no damage.
You are engulfed in dark miasma.
You die...

## ..# #. ...#
##.##..#### .
##.........#.# .
#....Z.......#
.....WWZ#......#
.....#WWDWZ#2..#
......WZZhDW...#
......1ZA@DZ☼..#
....#.≈Z8AZC#..#
.......W2Z1☼°..#
........≈W.○☼..#
.....#.....#.○.#
........#...°..#
..............##
...........#


You could see 3 bone dragons, 2 profane servitors, a tainted leviathan, a doom
hound (unsilenced), 2 Tzitzimimeh, 4 eidola, 4 putrid mouths, a shadow wraith
(invisible), a spectral dire elephant, 4 spectral harpies, 2 spectral alligator
snapping turtles, 2 spectral spriggan defenders, a spectral juggernaut, a
hellion (unsilenced) and a tormentor.

Vanquished Creatures
  Cerebov (Pan)
  the Royal Jelly (Slime:5)
  Gloorx Vloq (Pan)
  Mnoleg (Pan)
  Lom Lobon (Pan)
  3 dread liches
  2 ancient liches
  A pandemonium lord (Pan)
  2 juggernauts (Depths:2)
  2 royal mummies (Tomb:1)
  2 Killer Klowns (Zot:3)
  A curse toe (Zot:1)
  A shard shrike (shapeshifter) (Vaults:5)
  5 caustic shrikes
  Xtahua (Vaults:5)
  Geryon (Hell)
  Vashnia (Snake:3)
  9 golden dragons
  Saint Roka (Crypt:3)
  Nikola (Depths:1)
  The ghost of Xataw the Devastator, a veteran GrEE of Lugonu (Crypt:1)
  A profane servitor (Pan)
  4 bone dragons
  A doom hound (Tar:1)
  2 hellephants
  2 Brimstone Fiends (Pan)
  An Ice Fiend (Pan)
  10 tentacled monstrosities
  Jorgrun (D:12)
  A tainted leviathan (Tar:1)
  A walking crystal tome (WizLab)
  7 liches
  A walking earthen tome (WizLab)
  A walking divine tome (WizLab)
  2 deep elf blademasters (Elf:3)
  Asterion (Elf:3)
  A titan (shapeshifter) (Vaults:5)
  4 deep elf master archers (Elf:3)
  A walking frostbound tome (Depths:1)
  8 quicksilver dragons
  8 sphinxes
  8 titans
  21 Executioners
  20 acid blobs
  5 ancient champions
  Frances (Shoals:1)
  9 death cobs
  3 tentacled starspawn
  Polyphemus (Shoals:3)
  13 storm dragons
  Agnes (D:14)
  12 shadow dragons
  A sphinx (shapeshifter) (Depths:2)
  6 azure jellies
  4 rockslimes
  A strange machine (WizLab)
  4 revenants
  7 tengu reavers
  Ilsuiw (Shoals:4)
  A daeva (Abyss:1)
  4 demonspawn warmongers (Pan)
  5 nagarajas (Snake:4)
  2 orc warlords
  12 balrugs
  11 frost giants
  4 ghost moths
  7 fire giants
  Aizul (Snake:2)
  2 iron dragons (Vaults:5)
  5 draconian knights (Zot:4)
  Louise (Snake:1)
  3 curse skulls
  16 vault wardens
  A caustic shrike zombie (Depths:1)
  A draconian shifter (Zot:1)
  3 juggernaut zombies
  2 draconian scorchers
  10 cacodemons
  A draconian stormcaller (Zot:4)
  5 ghouls
  2 angels (Vaults:2)
  A spectral juggernaut (Crypt:1)
  5 deep elf elementalists (Elf:3)
  3 draconian annihilators
  10 deep elf sorcerers
  5 quicksilver oozes
  8 reapers
  A quicksilver ooze (shapeshifter) (Depths:3)
  3 spectral caustic shrikes
  6 demonspawn corrupters (Pan)
  8 ironbound thunderhulks
  An imperial myrmidon (Desolation)
  17 ironbound preservers
  14 war gargoyles
  7 spriggan defenders
  The ghost of Niaf the Fighter, a journeyman GrGl of Makhleb (Depths:1)
  A demonspawn blood saint (Pan)
  19 very ugly things
  Nessos (Lair:6)
  15 stone giants
  A juggernaut skeleton (Pan)
  4 green draconians
  4 bennus
  6 demonspawn black suns (Pan)
  2 caustic shrike skeletons
  12 lorocyprocas
  13 black draconians
  A spectral titan (Crypt:1)
  Azrael (D:14)
  7 white draconians
  A putrid mouth (Tar:1)
  8 deep elf annihilators
  4 purple draconians
  8 vampire knights
  3 halazid warlocks (Desolation)
  2 red draconians
  4 deep elf demonologists
  5 yellow draconians
  10 spark wasps
  A dire elephant (Vaults:2)
  A white draconian (shapeshifter) (Vaults:5)
  11 merfolk impalers
  5 eidola
  8 fire dragons
  10 merfolk javelineers
  12 mummy priests
  A spectral quicksilver dragon (Tar:1)
  5 crystal guardians
  9 deep elf death magi
  2 jiangshi (Crypt:2)
  16 ettins
  A quicksilver dragon zombie (Crypt:1)
  Josephine (Orc:1)
  5 spectral spriggans
  7 blizzard demons
  4 deep elf high priests
  2 spriggan zombies
  3 green deaths (Pan)
  A quicksilver dragon skeleton (Crypt:1)
  12 yaktaur captains
  15 rakshasas
  3 hell beasts
  16 ice dragons
  3 servants of whispers (Desolation)
  2 ogre magi (Vaults:5)
  2 ragged hierophants (Desolation)
  A spectral fenstrider witch (Tar:1)
  A caustic shrike simulacrum (Depths:2)
  36 vault guards
  9 hydras
  15 great orbs of eyes
  13 naga warriors
  12 boulder beetles
  2 salamander tyrants (Snake:2)
  9 spriggan air magi
  12 ironbound frosthearts
  10 peacekeepers
  7 centaur warriors
  5 merfolk aquamancers
  12 anacondas
  5 catoblepae
  Erica (D:10)
  A fenstrider witch skeleton (Pan)
  9 death yaks
  A two-headed ogre (shapeshifter) (Elf:3)
  4 death knights
  48 dancing weapons
  26 death scarabs
  8 deep troll shamans
  6 two-headed ogres
  3 alligator snapping turtles
  6 vampire magi
  6 tengu warriors
  7 hell hogs
  6 shock serpents
  5 deep troll earth magi
  12 spriggan berserkers
  3 thrashing horrors
  43 sun demons
  Urug (Orc:1)
  A storm dragon zombie (Depths:2)
  3 orc high priests (Orc:2)
  13 naga sharpshooters
  2 titan zombies
  8 iron trolls
  2 spectral dire elephants (Tar:1)
  21 deep elf knights
  A fire crab (Lair:2)
  22 hell knights
  9 salamander mystics
  3 golden dragon zombies
  17 soul eaters
  15 sixfirhies
  3 spark wasp zombies
  2 wretched stars (Abyss:4)
  A storm dragon skeleton (Pan)
  A spectral bunyip (Tar:1)
  An entropy weaver zombie (Vaults:2)
  A deep troll (shapeshifter) (Depths:4)
  9 glowing orange brains
  10 shadow wraiths
  51 deep trolls
  24 skeletal warriors
  A sea snake (shapeshifter) (Vaults:5)
  7 naga ritualists
  An anaconda zombie (Crypt:3)
  2 spriggan simulacra
  11 shadow demons (Pan)
  A death drake (Abyss:4)
  12 sea snakes
  22 ironbound convokers
  8 lindwurms
  4 flayed ghosts
  A tengu zombie (Hell)
  16 deep elf archers
  13 necromancers
  A spectral hydra (Tar:1)
  An anaconda skeleton (Pan)
  7 wizards
  2 shadow dragon zombies
  The ghost of Psyclone the Tainter, a novice OpVM (D:7)
  A golden dragon skeleton (Pan)
  A bunyip skeleton (Pan)
  A sphinx zombie (Hell)
  4 bog bodies
  11 harpies (Shoals:4)
  35 deep elf zephyrmancers
  An iron dragon zombie (Depths:3)
  15 mana vipers
  A wolf spider (shapeshifter) (Vaults:5)
  14 phantasmal warriors
  26 ugly things
  4 shining eyes
  8 orc knights
  5 orc sorcerers
  21 manticores
  A spectral ettin (Tar:1)
  4 fauns
  5 frost giant zombies
  2 worldbinders (Abyss:3)
  35 deep elf pyromancers
  27 salamanders
  9 cyclopes
  An iron dragon skeleton (Crypt:3)
  4 spectral centaurs
  2 salamanders (shapeshifter)
  2 stone giant skeletons
  13 moths of wrath
  A spectral alligator snapping turtle (Tar:1)
  5 merfolk sirens
  12 vault sentinels
  6 stone giant zombies
  A centaur zombie (Crypt:3)
  3 water nymphs
  47 black mambas
  11 rust devils
  5 elephants (Lair:4)
  15 orange demons (Pan)
  7 guardian serpents
  2 ice statues (IceCv)
  12 smoke demons
  A black mamba (shapeshifter) (D:13)
  An eye of devastation (Abyss:4)
  11 cane toads
  2 dire elephant skeletons
  5 torpor snails (Lair:6)
  A gargoyle (D:13)
  Joseph (D:8)
  13 naga magi
  3 hellions
  10 komodo dragons
  An unseen horror (shapeshifter) (Depths:2)
  A centaur skeleton (Crypt:3)
  A pale draconian zombie (Crypt:2)
  7 freezing wraiths
  A komodo dragon (shapeshifter) (D:10)
  14 demonic crawlers
  2 yaktaur zombies (Vaults:2)
  3 kobold demonologists
  3 spectral nagas
  An alligator snapping turtle skeleton (Pan)
  2 rime drakes
  5 efreet
  6 hellwings
  A golden dragon simulacrum (Hell)
  2 red draconian skeletons
  2 tormentors (Pan)
  7 spriggan skeletons
  5 tengu conjurers
  A spark wasp simulacrum (Depths:3)
  6 trolls
  15 guardian mummies
  A spectral demonspawn (Crypt:1)
  36 yaktaurs
  6 polar bears
  4 red devils
  3 catoblepas skeletons (Abyss:4)
  A silent spectre (Tar:1)
  3 harpy skeletons (Pan)
  A troll (shapeshifter) (Depths:4)
  A death drake zombie (Crypt:1)
  42 merfolk
  2 spectral harpies (Tar:1)
  20 wind drakes
  76 slime creatures
  17 hornets
  36 saltlings (Desolation)
  A tarantella (shapeshifter) (D:14)
  19 blink frogs
  8 raiju
  4 tyrant leeches (Lair:6)
  8 snapping turtles
  An ice dragon skeleton (Crypt:2)
  An iron dragon simulacrum (Depths:1)
  19 dream sheep
  5 air elementals
  A centaur simulacrum (Crypt:1)
  3 starcursed masses (Abyss:3)
  A stone giant simulacrum (Depths:1)
  5 wyverns
  3 ettin zombies
  42 flying skulls
  4 vampires
  9 ynoxinuls
  A spriggan (shapeshifter) (Depths:2)
  43 yaks
  2 naga simulacra
  5 ushabtiu (Tomb:1)
  8 spriggans
  20 water elementals
  11 wraiths
  4 golden eyes (Slime:3)
  13 basilisks
  A black mamba skeleton (Pan)
  11 chaos spawn
  A hog (shapeshifter) (D:8)
  17 neqoxecs
  2 death yak simulacra (IceCv)
  7 fire elementals
  7 steam dragons
  2 harpy simulacra (Crypt:1)
  A merfolk zombie (Crypt:2)
  A swamp worm (shapeshifter) (D:15)
  35 large abominations
  45 nagas
  7 wargs
  Duvessa (D:6)
  2 acid dragons
  2 floating eyes
  23 water moccasins
  A floating eye (shapeshifter) (Depths:3)
  2 naga skeletons
  37 orc warriors
  6 small abominations
  3 hell hounds
  2 ice beasts
  3 sky beasts
  2 black bears (D:6)
  46 wolves
  8 ogres
  8 centaurs
  A rime drake zombie (Crypt:1)
  10 kobold brigands
  5 necrophages
  18 bullfrogs
  A yaktaur skeleton (Crypt:1)
  A water moccasin zombie (Crypt:2)
  3 scorpions
  A warg zombie (Crypt:2)
  7 earth elementals
  15 wights
  Dowan (D:6)
  An electric eel (Lair:2)
  8 howler monkeys
  A yak skeleton (Crypt:2)
  A crimson imp (D:10)
  A jelly (D:6)
  A quasit (Abyss:3)
  18 orc priests
  A hound (D:5)
  A bullfrog skeleton (Crypt:2)
  3 iron imps
  Terence (D:3)
  26 orc wizards
  3 iguanas
  2 hell rats
  A wolf simulacrum (IceCv)
  20 mummies
  7 gnolls
  11 adders
  3 shadow imps
  2 white imps
  3 ufetubi
  An adder zombie (Crypt:2)
  A lava snake zombie (Crypt:2)
  An adder skeleton (Crypt:1)
  5 dart slugs
  81 orcs
  6 ball pythons
  4 endoplasms (D:1)
  A giant cockroach (D:4)
  9 goblins
  3 hobgoblins
  27 kobolds
  2 quokkas
  7 bats
  3 frilled lizards (D:1)
  A quokka zombie (Crypt:1)
  4 rats (D:1)
  A fire vortex (Hell)
  A starspawn tentacle (Abyss:3)
2993 creatures vanquished.

Vanquished Creatures (collateral kills)
  An ancient lich (Vaults:5)
  A war gargoyle (Vaults:5)
  A deep elf annihilator (Vaults:5)
  An ettin (Vaults:5)
  A deep elf death mage (Elf:3)
  A yaktaur captain (Vaults:5)
6 creatures vanquished.

Vanquished Creatures (others)
  A draconian annihilator (Pan)
  A rakshasa (Pan)
  2 deep elf knights
  2 glowing orange brains (Pan)
  A necromancer (Hell)
  A hellwing (Pan)
  A saltling (Desolation)
  3 hell rats (Hell)
  An orc (Crypt:3)
  3 ball lightnings (Pan)
  A creeping inferno (Hell)
  3 demonic plants
  11 fungi
  103 plants
  5 starspawn tentacles
139 creatures vanquished.

Grand Total: 3138 creatures vanquished

Notes
Turn   | Place    | Note
-------+----------+-------------------------------------------
     0 | D:1      | liru the Vine Stalker Wanderer began the quest for the Orb.
     0 | D:1      | liru set off with the following items: a +2 hand axe, a +0
                  | cloak, a scroll of fog, 33 stones, a +0 leather armour; and
                  | the following spell memorised: Sandblast; and the following
                  | spells available to memorise: Stone Arrow
     0 | D:1      | Reached XP level 1. HP: 9/9 MP: 5/5
   118 | D:1      | Reached XP level 2. HP: 13/14 MP: 7/7
   123 | D:1      | Reached skill level 1 in Short Blades
   180 | D:1      | Reached skill level 1 in Fighting
   369 | D:1      | Found a faded altar of an unknown god.
   369 | D:1      | Noticed a smoke demon
   501 | D:1      | Reached XP level 3. HP: 18/18 MP: 8/8
   810 | D:2      | Gained mutation: Your natural rate of healing is unusually
                  | fast. [Vine Stalker growth]
   810 | D:2      | Reached XP level 4. HP: 22/22 MP: 9/9
   864 | D:2      | Found Kaeh's Antique Weapon Shop.
  1280 | D:3      | Noticed Terence
  1604 | D:3      | Killed Terence
  1605 | D:3      | Reached XP level 5. HP: 25/25 MP: 4/10
  2154 | D:4      | Noticed an ogre
  2640 | D:4      | Reached skill level 5 in Short Blades
  2640 | D:4      | Reached XP level 6. HP: 27/30 MP: 7/11
  3018 | D:5      | Entered Level 5 of the Dungeon
  3133 | D:5      | Reached XP level 7. HP: 33/33 MP: 12/12
  3485 | D:5      | Found an opulent altar of Gozag.
  3801 | D:6      | Found a sparkling altar of Nemelex Xobeh.
  3815 | D:6      | Gained mutation: You have razor-sharp teeth. [Vine Stalker
                  | growth]
  3815 | D:6      | Reached XP level 8. HP: 35/37 MP: 13/13
  4206 | D:6      | Noticed Dowan
  4311 | D:6      | Noticed Duvessa
  4608 | D:6      | Killed Duvessa
  4609 | D:6      | Reached skill level 1 in Evocations
  4617 | D:6      | Killed Dowan
  4889 | D:2      | Bought a shimmering dagger for 189 gold pieces
  4889 | D:2      | Identified the +10 dagger of Aphibuy {freeze, Dex+6} (You
                  | bought it in a shop on level 2 of the Dungeon)
  4979 | D:6      | Identified the +6 hunting sling "Zutat" {vorpal, rElec
                  | Will+ Str+3 Int-5 Dex+4}
  5105 | D:7      | Reached XP level 9. HP: 35/42 MP: 12/14
  5316 | D:7      | Found a flagged portal.
  5356 | Bailey   | Entered a bailey
  5462 | Bailey   | Reached skill level 10 in Short Blades
  5655 | Bailey   | Found a burning altar of Makhleb.
  5847 | D:7      | Noticed a hornet
  5848 | D:7      | a hornet changed into an acid dragon
  5993 | D:7      | Found a staircase to the Ecumenical Temple.
  6022 | Temple   | Entered the Ecumenical Temple
  6192 | Temple   | Became a worshipper of Uskayaw the Reveller
  6310 | D:7      | Reached * piety under Uskayaw
  6319 | D:7      | Reached ** piety under Uskayaw
  6323 | D:7      | Reached *** piety under Uskayaw
  6324 | D:7      | Reached XP level 10. HP: 6/49 MP: 2/15
  6415 | D:7      | Found a runed translucent door.
  6417 | D:7      | Noticed Psyclone's ghost (novice OpVM)
  6708 | D:8      | Found a shadowy altar of Dithmenos.
  6728 | D:8      | Reached **** piety under Uskayaw
  6748 | D:8      | Reached skill level 1 in Invocations
  6755 | D:8      | Identified the +0 leather armour "Vaehynla" {rPois rF+
                  | Will+ rCorr}
  7124 | D:8      | Noticed Joseph
  7134 | D:8      | Killed Joseph
  7227 | D:8      | Reached skill level 2 in Invocations
  7268 | D:8      | Noticed a catoblepas
  7290 | D:8      | Killed a catoblepas
  7291 | D:8      | Reached skill level 5 in Evocations
  7314 | D:8      | Noticed a deep elf pyromancer
  7322 | D:8      | Killed a deep elf pyromancer
  7323 | D:8      | Reached skill level 5 in Fighting
  7323 | D:8      | Reached skill level 3 in Invocations
  7387 | D:8      | Noticed a cyan ugly thing
  7395 | D:8      | Killed a cyan ugly thing
  7433 | D:8      | Noticed a manticore
  7440 | D:8      | Killed a manticore
  7441 | D:8      | Reached skill level 5 in Armour
  7441 | D:8      | Reached XP level 11. HP: 56/56 MP: 16/16
  7442 | D:8      | Noticed a deep elf pyromancer
  7448 | D:8      | Killed a deep elf pyromancer
  7449 | D:8      | Reached skill level 4 in Invocations
  7452 | D:8      | Noticed a centaur warrior
  7455 | D:8      | Killed a centaur warrior
  7539 | D:9      | Noticed a manticore
  7566 | D:9      | Killed a manticore
  7644 | D:9      | Found a glowing silver altar of Zin.
  7645 | D:9      | Found an ornate altar of the Wu Jian Council.
  7645 | D:9      | Found a burning altar of Makhleb.
  7740 | D:9      | Found a staircase to the Orcish Mines.
  7764 | D:9      | Reached skill level 5 in Invocations
  7795 | D:9      | Reached ***** piety under Uskayaw
  7805 | D:9      | Reached ****** piety under Uskayaw
  8384 | D:10     | Entered Level 10 of the Dungeon
  8639 | D:10     | Reached skill level 6 in Invocations
  8672 | D:10     | Noticed a centaur warrior
  8677 | D:10     | Noticed Erica
  8687 | D:10     | Killed a centaur warrior
  8695 | D:10     | Killed Erica
  8841 | D:10     | Reached XP level 12. HP: 63/63 MP: 18/18
  8842 | D:10     | Found a staircase to the Lair.
  8874 | D:10     | Found a shimmering blue altar of Sif Muna.
  8879 | D:10     | Reached skill level 7 in Invocations
  9244 | Lair:1   | Entered Level 1 of the Lair of Beasts
  9341 | Lair:1   | Noticed a seven-headed hydra
  9357 | Lair:1   | Killed a seven-headed hydra
  9649 | Lair:1   | Noticed a six-headed hydra
  9658 | Lair:1   | Killed a six-headed hydra
  9659 | Lair:1   | Reached skill level 8 in Invocations
 10126 | Lair:2   | Reached skill level 1 in Shields
 10558 | Lair:2   | Found a staircase to the Shoals.
 10558 | Lair:2   | Noticed a five-headed hydra
 10568 | Lair:2   | Killed a five-headed hydra
 10635 | Lair:2   | Noticed a catoblepas
 10658 | Lair:2   | Killed a catoblepas
 10659 | Lair:2   | Reached XP level 13. HP: 68/70 MP: 20/20
 10766 | Lair:2   | Reached skill level 9 in Invocations
 10917 | Lair:3   | Reached skill level 5 in Shields
 11356 | Lair:3   | Found a staircase to the Snake Pit.
 11646 | Lair:3   | Reached skill level 10 in Fighting
 11756 | Lair:3   | Reached skill level 10 in Invocations
 12455 | Lair:4   | Reached XP level 14. HP: 77/77 MP: 22/22
 13059 | Lair:5   | Found a frozen archway.
 13084 | IceCv    | Entered an ice cave
 13100 | IceCv    | Found a transporter.
 13107 | IceCv    | Found a transporter.
 13184 | IceCv    | Reached skill level 10 in Armour
 13391 | Lair:5   | Reached skill level 11 in Invocations
 13880 | Lair:6   | Entered Level 6 of the Lair of Beasts
 13940 | Lair:6   | Noticed Nessos
 13963 | Lair:6   | Killed Nessos
 14360 | Lair:6   | Reached skill level 12 in Invocations
 14593 | Lair:6   | Found a viscous altar of Jiyva.
 14593 | Lair:6   | Found a staircase to the Slime Pits.
 14969 | Lair:6   | Found a runed translucent door.
 15544 | Orc:1    | Entered Level 1 of the Orcish Mines
 15544 | Orc:1    | Noticed an orc warlord
 15550 | Orc:1    | Reached XP level 15. HP: 82/82 MP: 25/25
 15574 | Orc:1    | Killed an orc warlord
 15620 | Orc:1    | Found a radiant altar of Vehumet.
 15641 | Orc:1    | Found a dark tunnel.
 15650 | Volcano  | Entered a volcano
 15678 | Volcano  | Reached skill level 13 in Invocations
 15961 | Volcano  | Found the +2 cloak of the Thief {*Fog Slay-2 SInv Stlth+}
 16104 | Orc:1    | Noticed Urug
 16130 | Orc:1    | Killed Urug
 16283 | Orc:1    | Noticed Josephine
 16306 | Orc:1    | Killed Josephine
 16307 | Orc:1    | Reached skill level 5 in Dodging
 16666 | Orc:2    | Entered Level 2 of the Orcish Mines
 17145 | Orc:2    | Found a staircase to the Elven Halls.
 17348 | Orc:2    | Reached skill level 14 in Invocations
 17365 | Orc:2    | Found Zerph's Jewellery Boutique.
 17365 | Orc:2    | Found Pydghufue's Jewellery Emporium.
 17369 | Orc:2    | Found Mytzenulowe's Antique Weapon Boutique.
 17369 | Orc:2    | Found Tefoine's Book Emporium.
 17547 | D:7      | Killed Psyclone's ghost
 18602 | D:12     | Noticed Jorgrun
 18619 | D:12     | Killed Jorgrun
 18786 | D:12     | Found Coxoir's Serpentskin Sales.
 18801 | D:12     | Bought 5 curare-tipped darts for 36 gold pieces
 18801 | D:12     | Bought 6 curare-tipped darts for 43 gold pieces
 18801 | D:12     | Bought 5 curare-tipped darts for 36 gold pieces
 19342 | D:13     | Reached XP level 16. HP: 77/87 MP: 28/28
 19690 | D:14     | Noticed Agnes
 19705 | D:14     | Killed Agnes
 19706 | D:14     | Reached skill level 15 in Invocations
 19790 | D:14     | Noticed Azrael
 19823 | D:14     | Killed Azrael
 19989 | D:14     | Found a gate to the Vaults.
 20068 | D:14     | Identified Roxanne's Almanac of Transmigration
 20068 | D:14     | Noticed Roxanne
 20093 | D:14     | Found a white marble altar of Elyvilon.
 20257 | D:14     | Reached skill level 16 in Invocations
 20389 | D:15     | Entered Level 15 of the Dungeon
 20861 | D:15     | Found a snail-covered altar of Cheibriados.
 20866 | D:15     | Got the Reference Book on Ashen Companions
 20963 | D:15     | Found a staircase to the Depths.
 21179 | Snake:1  | Entered Level 1 of the Snake Pit
 21576 | Snake:1  | Found a snail-covered altar of Cheibriados.
 21653 | Snake:1  | Noticed Louise
 21684 | Snake:1  | Killed Louise
 22412 | Snake:2  | Reached XP level 17. HP: 91/91 MP: 30/30
 22455 | Snake:2  | HP: 4/91 [naga mage/+0 club (3)]
 22481 | Snake:2  | HP: 2/91 [naga mage/+0 halberd (5)]
 22694 | Snake:2  | Found Noapsac's Book Shop.
 22865 | Snake:2  | Reached skill level 17 in Invocations
 22985 | Snake:2  | Noticed Aizul
 23020 | Snake:2  | Killed Aizul
 23730 | Snake:3  | Noticed Vashnia
 23986 | Snake:3  | Killed Vashnia
 23987 | Snake:3  | Reached skill level 10 in Dodging
 24535 | Snake:4  | Entered Level 4 of the Snake Pit
 24584 | Snake:4  | Found Ceext's Commerce Corner.
 24704 | Snake:4  | Bought a condenser vane for 720 gold pieces
 25197 | Snake:4  | Reached XP level 18. HP: 96/96 MP: 31/31
 25768 | Snake:4  | Got a serpentine rune of Zot
 26147 | Elf:1    | Entered Level 1 of the Elven Halls
 26366 | Elf:1    | Found a flickering gateway to a bazaar.
 26392 | Bazaar   | Entered a bazaar
 26392 | Bazaar   | Found Dedo's Book Shoppe.
 26402 | Bazaar   | Found Vinerit's Magic Scroll Boutique.
 26418 | Bazaar   | Found Nyem's General Store.
 26418 | Bazaar   | Found Vygiy's Antique Weapon Emporium.
 26419 | Bazaar   | Found Venkab's Antique Armour Boutique.
 26476 | Bazaar   | Bought a potion of curing for 30 gold pieces
 26487 | Bazaar   | Bought a scroll of teleportation for 45 gold pieces
 26487 | Bazaar   | Bought a scroll of teleportation for 45 gold pieces
 26487 | Bazaar   | Bought a scroll of enchant armour for 112 gold pieces
 26487 | Bazaar   | Bought a scroll of fear for 52 gold pieces
 26498 | Bazaar   | Bought a book of Minor Magic for 162 gold pieces
 26608 | Elf:1    | Reached skill level 18 in Invocations
 26903 | Elf:1    | Identified the +0 leather armour of Livvel {rPois rF- rC+
                  | Str+7}
 27214 | Elf:1    | Paralysed by an air elemental for 1 turns
 27746 | Elf:2    | Found Akulekly's Weapon Emporium.
 27750 | Elf:2    | Bought a +2 rapier of speed for 504 gold pieces
 27795 | Elf:2    | Reached skill level 15 in Short Blades
 27851 | Elf:2    | Found a magical portal.
 27860 | WizLab   | Entered Tukima's Studio
 27942 | WizLab   | Identified the +9 fustibalus of Patterns {speed, rElec
                  | rCorr Dex-4}
 27987 | WizLab   | Reached XP level 19. HP: 60/100 MP: 24/33
 28039 | WizLab   | Noticed a walking crystal tome
 28419 | WizLab   | Killed a walking crystal tome
 28563 | WizLab   | Noticed liru's illusion
 28750 | WizLab   | Identified the +0 pair of gloves of Keag {Drain Int+4 SInv}
 29235 | Elf:2    | Found a runed translucent gate.
 29237 | Elf:2    | Found a runed translucent gate.
 29264 | Elf:2    | Found a runed translucent gate.
 29821 | Orc:2    | Bought the amulet of Vitality {Regen+ HP+15} for 1106 gold
                  | pieces
 29821 | Orc:2    | Found the amulet of Vitality {Regen+ HP+15}
 29999 | Shoals:1 | Entered Level 1 of the Shoals
 30067 | Shoals:1 | Noticed Frances
 30185 | Shoals:1 | Killed Frances
 30443 | Shoals:1 | Reached skill level 10 in Shields
 31827 | Shoals:3 | Reached skill level 19 in Invocations
 32106 | Shoals:3 | Noticed Polyphemus
 32133 | Shoals:3 | Killed Polyphemus
 32840 | Shoals:4 | Entered Level 4 of the Shoals
 32926 | Shoals:4 | Identified the +2 robe of the Black Moon {Rampage Drain
                  | rCorr Dex-4}
 33093 | Shoals:4 | Reached XP level 20. HP: 71/107 MP: 34/34
 33448 | Shoals:4 | Got a barnacled rune of Zot
 33459 | Shoals:4 | Noticed Ilsuiw
 33493 | Shoals:4 | Killed Ilsuiw
 35124 | Elf:2    | Reached skill level 20 in Invocations
 35270 | Elf:3    | Entered Level 3 of the Elven Halls
 35273 | Elf:3    | Paralysed by an air elemental for 1 turns
 35275 | Elf:2    | Paralysed by an air elemental for 1 turns
 35513 | Elf:3    | Found Nataf's Distillery.
 35550 | Elf:3    | Bought a potion of resistance for 150 gold pieces
 35554 | Elf:3    | Bought a potion of curing for 45 gold pieces
 35554 | Elf:3    | Bought a potion of curing for 45 gold pieces
 35596 | Elf:3    | Noticed Asterion
 35628 | Elf:3    | Killed Asterion
 36201 | Elf:3    | Reached XP level 21. HP: 115/115 MP: 36/36
 36343 | Elf:3    | Identified the amulet of Redodgh {RegenMP +Inv rN+++ Str-2
                  | Int-4}
 36580 | Elf:3    | Found the +3 hat of Pondering {ponderous, Will+ MP+10
                  | Int+5}
 36580 | Elf:3    | Found the +2 shield of Resistance {rF++ rC++ Will++}
 36602 | Elf:3    | Identified the +8 flail "Deogheigg" {speed, rPois rF+
                  | Str+3}
 36611 | Elf:3    | Got the Guide on the Voyage
 36616 | Elf:3    | Identified the +6 dagger of the Assorted Ships {holy,
                  | rPois}
 37192 | Vaults:1 | Entered Level 1 of the Vaults
 37734 | Vaults:1 | Found a portal to a secret trove of treasure.
 38506 | Vaults:2 | Found a glowing golden altar of the Shining One.
 38506 | Vaults:2 | Found a crumbling gateway.
 38506 | Vaults:2 | Found a glowing silver altar of Zin.
 38556 | Vaults:2 | Reached skill level 21 in Invocations
 38557 | Vaults:2 | Found a white marble altar of Elyvilon.
 38566 | Desolati | Entered the Desolation of Salt
 38808 | Desolati | Identified the +6 mace of Calamity {antimagic, Contam rPois
                  | rN+ Stlth+}
 38811 | Desolati | Identified the +2 helmet "Ytuabif" {Fly rN+ Slay+3}
 38812 | Desolati | Identified the +1 falchion of Capital Punishment {vamp,
                  | rF++ rC+ rN+ MP-9}
 38953 | Desolati | Reached skill level 15 in Fighting
 38997 | Desolati | Identified the ring of Siprisall {rPois Will+ Int+5}
 39001 | Desolati | Identified the ring "Uczur" {rPois rF+ rC+ Str+2}
 39013 | Desolati | Identified the ring of Xom's Attic {Will+ Dex+2}
 39019 | Desolati | Identified the +0 scale mail "Ucupnof" {+Blink rN+ Will++}
 39333 | Desolati | Identified the +1 ring mail of Ruaj {Dex+5}
 39406 | Desolati | Identified the +0 pair of gloves "Huped" {rCorr Dex+2}
 39840 | Vaults:2 | Reached XP level 22. HP: 122/122 MP: 37/37
 41237 | Vaults:3 | Reached skill level 15 in Shields
 41256 | Vaults:3 | Reached skill level 22 in Invocations
 41445 | Vaults:3 | You are sucked into a shaft and drop 1 floor!
 41872 | Vaults:4 | Found Etea's Magic Scroll Shop.
 41891 | Vaults:4 | Bought a scroll of enchant armour for 112 gold pieces
 41891 | Vaults:4 | Bought a scroll of enchant weapon for 112 gold pieces
 41891 | Vaults:4 | Bought a scroll of fog for 30 gold pieces
 41891 | Vaults:4 | Bought a scroll of fog for 30 gold pieces
 42001 | Vaults:4 | Identified the +0 leather armour of Disaster {rF+ rC++}
 42758 | Vaults:3 | Found a staircase to the Crypt.
 42854 | Vaults:3 | Reached XP level 23. HP: 128/128 MP: 39/39
 43270 | Depths:1 | Entered Level 1 of the Depths
 43324 | Depths:1 | Found a one-way gateway to a ziggurat.
 43387 | Depths:1 | Noticed Nikola
 43406 | Depths:1 | Killed Nikola
 43431 | Depths:1 | Found a runed translucent gate.
 43432 | Depths:1 | Found a runed translucent gate.
 43433 | Depths:1 | Noticed a caustic shrike
 43434 | Depths:1 | Found a runed translucent gate.
 43437 | Depths:1 | Noticed Niaf's ghost (journeyman GrGl)
 43701 | Depths:1 | Found a gateway to Hell.
 43852 | Depths:1 | Found an ancient bone altar of Kikubaaqudgha.
 44401 | Depths:1 | Found a one-way gate leading to the halls of Pandemonium.
 44465 | Depths:1 | Killed a caustic shrike
 44531 | Depths:1 | Reached skill level 23 in Invocations
 44568 | Depths:1 | Killed Niaf's ghost
 44592 | Depths:1 | Identified the +0 pair of gloves of the Miller {Dex+4}
 45059 | Depths:2 | Noticed a juggernaut
 45059 | Depths:2 | Noticed a caustic shrike
 45097 | Depths:2 | Killed a caustic shrike
 45106 | Depths:2 | Killed a juggernaut
 46189 | Depths:2 | Reached skill level 24 in Invocations
 46191 | Depths:2 | Reached XP level 24. HP: 127/133 MP: 40/40
 46265 | Depths:2 | Noticed a juggernaut
 46285 | Depths:2 | Killed a juggernaut
 46734 | Depths:3 | Found a one-way gate to the infinite horrors of the Abyss.
 47087 | Depths:3 | Identified the +0 chain mail of the Shrieking God {*Slow
                  | Dex+6 Slay+5}
 47682 | Depths:4 | Entered Level 4 of the Depths
 48647 | Depths:4 | Reached skill level 25 in Invocations
 48853 | Depths:4 | Noticed a caustic shrike
 48853 | Depths:4 | Noticed a caustic shrike
 48853 | Depths:4 | Noticed a caustic shrike
 48877 | Depths:4 | Killed a caustic shrike
 48878 | Depths:4 | Reached XP level 25. HP: 93/137 MP: 31/40
 48979 | Depths:4 | Found a gate to the Realm of Zot.
 49409 | Vaults:5 | Entered Level 5 of the Vaults
 49420 | Vaults:5 | Noticed an ancient lich
 49433 | Vaults:5 | Killed an ancient lich
 49437 | Vaults:5 | Identified the +9 glaive "Zagu" {antimagic, Dex+4}
 49481 | Vaults:5 | Noticed a dread lich
 49508 | Vaults:5 | Killed a dread lich
 49880 | Vaults:5 | Noticed Xtahua
 49901 | Vaults:5 | Killed Xtahua
 50071 | Vaults:5 | Identified the amulet of Buibaz {RegenMP rElec rCorr}
 50134 | Vaults:5 | Noticed a juggernaut
 50134 | Vaults:5 | a shadow dragon changed into a juggernaut
 50135 | Vaults:5 | Noticed a shard shrike
 50135 | Vaults:5 | a juggernaut changed into a shard shrike
 50139 | Vaults:5 | a shard shrike changed into a rockslime
 50141 | Vaults:5 | Noticed a shard shrike
 50141 | Vaults:5 | a rockslime changed into a shard shrike
 50150 | Vaults:5 | Noticed a juggernaut
 50150 | Vaults:5 | a shard shrike changed into a juggernaut
 50152 | Vaults:5 | a juggernaut changed into a titan
 50219 | Vaults:5 | Got a silver rune of Zot
 50250 | Vaults:5 | Noticed a juggernaut
 50250 | Vaults:5 | a titan changed into a juggernaut
 50256 | Vaults:5 | a juggernaut changed into a titan
 50258 | Vaults:5 | Noticed a shard shrike
 50258 | Vaults:5 | a titan changed into a shard shrike
 50264 | Vaults:5 | Killed a shard shrike
 50350 | Vaults:5 | Reached skill level 15 in Dodging
 50376 | Vaults:5 | Reached skill level 15 in Armour
 50658 | Vaults:5 | Noticed a dread lich
 50687 | Vaults:5 | Killed a dread lich
 50727 | Vaults:5 | Reached skill level 26 in Invocations
 51857 | Slime:1  | Entered Level 1 of the Pits of Slime
 51898 | Slime:1  | Reached XP level 26. HP: 144/144 MP: 41/41
 52244 | Slime:5  | Entered Level 5 of the Pits of Slime
 52320 | Slime:5  | Noticed the Royal Jelly
 52323 | Slime:5  | Found a viscous altar of Jiyva.
 52333 | Slime:5  | Killed the Royal Jelly
 52468 | Slime:5  | Identified a scroll of acquirement
 52488 | Slime:5  | Acquired a manual of Dodging
 52520 | Slime:5  | Got a slimy rune of Zot
 52963 | Slime:5  | Identified the +0 pair of boots of Existentialism {Int+4}
 53483 | Zot:1    | Entered Level 1 of the Realm of Zot
 53491 | Zot:1    | Reached skill level 27 in Invocations
 53862 | Zot:1    | Identified the +2 leather armour "Xuhi" {+Blink}
 55233 | Zot:3    | Noticed a Killer Klown
 55233 | Zot:3    | Noticed a Killer Klown
 55242 | Zot:3    | Killed a Killer Klown
 55244 | Zot:3    | Killed a Killer Klown
 56690 | Zot:4    | Reached XP level 27. HP: 149/149 MP: 41/41
 57122 | Zot:4    | Identified the ring of Woloxt {EV+4 Int+3}
 57541 | Hell     | Entered the Vestibule of Hell
 57543 | Hell     | Noticed Geryon
 57563 | Hell     | Killed Geryon
 57602 | Hell     | Noticed a dread lich
 57733 | Depths:4 | Killed a dread lich
 57951 | Hell     | Found a gateway to the ashen valley of Gehenna.
 58016 | Hell     | Found a gateway to the decaying netherworld of Tartarus.
 58044 | Hell     | Found a gateway to the freezing wastes of Cocytus.
 58106 | Hell     | Found a gateway to the Iron City of Dis.
 58270 | Pan      | Entered Pandemonium
 58457 | Pan      | Found an exit through the horrors of the Abyss.
 58472 | Pan      | Took an exit into the Abyss.
 58472 | Abyss:1  | Escaped into the Abyss
 58680 | Abyss:2  | Gained mutation: You sometimes lose the ability to read
                  | scrolls when taking damage. [a neqoxec]
 58795 | Abyss:2  | Gained mutation: You are dopey. (Int -2) [a cacodemon]
 58816 | Abyss:2  | Lost mutation: You are dopey. (Int -2) [potion of mutation]
 58816 | Abyss:2  | Lost mutation: You sometimes lose the ability to read
                  | scrolls when taking damage. [potion of mutation]
 58816 | Abyss:2  | Gained mutation: Your magical capacity is low. (-10% MP)
                  | [potion of mutation]
 58816 | Abyss:2  | Gained mutation: Your mind is acute. (Int +2) [potion of
                  | mutation]
 58816 | Abyss:2  | Lost mutation: Your magical capacity is low. (-10% MP)
                  | [potion of mutation]
 58816 | Abyss:2  | Gained mutation: You are robust. (+10% HP) [potion of
                  | mutation]
 58891 | Abyss:2  | Found a corrupted altar of Lugonu.
 59166 | Abyss:3  | Found a stormy altar of Qazlal.
 59391 | Abyss:4  | Got an abyssal rune of Zot
 59494 | Depths:3 | Escaped the Abyss
 59499 | Pan      | Entered Pandemonium
 60202 | Pan      | Gained mutation: You have hidden genetic defects. [a
                  | cacodemon]
 60229 | Pan      | Acquired 897 gold pieces
 60405 | Pan      | Gained mutation: [Armour fits poorly on your strangely
                  | shaped body.] [a cacodemon]
 60425 | Pan      | Lost mutation: You have hidden genetic defects. [potion of
                  | mutation]
 60425 | Pan      | Lost mutation: You are robust. (+10% HP) [potion of
                  | mutation]
 60425 | Pan      | Lost mutation: Your mind is acute. (Int +2) [potion of
                  | mutation]
 60425 | Pan      | Gained mutation: You have hidden genetic potential. [potion
                  | of mutation]
 60425 | Pan      | Gained mutation: You are weak. (Str -2) [potion of
                  | mutation]
 60426 | Pan      | Lost mutation: You have hidden genetic potential. [potion
                  | of mutation]
 60426 | Pan      | Lost mutation: [Armour fits poorly on your strangely shaped
                  | body.] [potion of mutation]
 60426 | Pan      | Lost mutation: You are weak. (Str -2) [potion of mutation]
 60426 | Pan      | Gained mutation: You sometimes lose the ability to read
                  | scrolls when taking damage. [potion of mutation]
 60426 | Pan      | Gained mutation: You are agile. (Dex +2) [potion of
                  | mutation]
 60426 | Pan      | Gained mutation: You are partially covered in iridescent
                  | scales. (AC +2) [potion of mutation]
 60427 | Pan      | Lost mutation: You are partially covered in iridescent
                  | scales. (AC +2) [potion of mutation]
 60427 | Pan      | Lost mutation: You are agile. (Dex +2) [potion of mutation]
 60427 | Pan      | Lost mutation: You sometimes lose the ability to read
                  | scrolls when taking damage. [potion of mutation]
 60427 | Pan      | Gained mutation: You tend to lose your temper in combat.
                  | [potion of mutation]
 60427 | Pan      | Gained mutation: You sometimes lose the ability to read
                  | scrolls when taking damage. [potion of mutation]
 60428 | Pan      | Lost mutation: You tend to lose your temper in combat.
                  | [potion of mutation]
 60428 | Pan      | Lost mutation: You sometimes lose the ability to read
                  | scrolls when taking damage. [potion of mutation]
 60428 | Pan      | Gained mutation: You expend magic power (3 MP) to
                  | strengthen your wands. [potion of mutation]
 60428 | Pan      | Gained mutation: Your spells are a little harder to cast,
                  | but a little more powerful. [potion of mutation]
 60550 | Pan      | Found an exit through the horrors of the Abyss.
 60824 | Pan      | Noticed Venopn the pandemonium lord
 60842 | Pan      | Killed Venopn the pandemonium lord
 61405 | Pan      | Found a runed translucent door.
 61424 | Pan      | Got a demonic rune of Zot
 61460 | Pan      | Entered the realm of Cerebov.
 61934 | Pan      | Found an exit through the horrors of the Abyss.
 62580 | Pan      | Identified the +5 morningstar of Unreason {drain, rF+
                  | Str+3}
 62681 | Pan      | Identified the amulet of Abstinence {RegenMP Will+}
 62682 | Pan      | Identified the +3 leather armour of Totol {rPois rN++
                  | Regen+}
 62722 | Pan      | Identified the ring of Kamm {rElec rCorr Int+6 Stlth+}
 62818 | Pan      | Found the +6 sword of Cerebov {flame}
 62818 | Pan      | Noticed Cerebov
 62848 | Pan      | Killed Cerebov
 62871 | Pan      | Got a fiery rune of Zot
 62932 | Pan      | Entered the realm of Mnoleg.
 63066 | Pan      | Gained mutation: [You are clumsy. (Dex -2)] [a neqoxec]
 63197 | Pan      | Noticed Mnoleg
 63290 | Pan      | Killed Mnoleg
 63305 | Pan      | Got a glowing rune of Zot
 63392 | Pan      | Entered the realm of Gloorx Vloq.
 63560 | Pan      | Found an exit through the horrors of the Abyss.
 63874 | Pan      | Acquired 1005 gold pieces
 64365 | Pan      | Noticed Gloorx Vloq
 64390 | Pan      | Killed Gloorx Vloq
 64409 | Pan      | Got a dark rune of Zot
 64565 | Pan      | Entered the realm of Lom Lobon.
 64612 | Pan      | Found an exit through the horrors of the Abyss.
 64798 | Pan      | Noticed Lom Lobon
 64803 | Pan      | Killed Lom Lobon
 64911 | Pan      | Got a magical rune of Zot
 65031 | Pan      | Took an exit into the Abyss.
 65031 | Abyss:1  | Escaped into the Abyss
 65094 | Depths:3 | Escaped the Abyss
 65421 | Crypt:1  | Entered Level 1 of the Crypt
 66044 | Crypt:1  | Found a runed translucent gate.
 66044 | Crypt:1  | Found a runed translucent gate.
 66044 | Crypt:1  | Found a runed translucent gate.
 66048 | Crypt:1  | Noticed Xataw's ghost (veteran GrEE)
 66217 | Crypt:1  | Killed Xataw's ghost
 66420 | Crypt:2  | Found an ancient bone altar of Kikubaaqudgha.
 66494 | Crypt:2  | Identified the +1 shortbow of Compassion {vorpal, rCorr}
 66779 | Crypt:3  | Entered Level 3 of the Crypt
 67199 | Crypt:3  | Noticed Saint Roka
 67230 | Crypt:3  | Killed Saint Roka
 67454 | Crypt:3  | Found a basalt altar of Yredelemnul.
 67454 | Crypt:3  | Noticed an ancient lich
 67465 | Crypt:3  | Killed an ancient lich
 67472 | Crypt:3  | Found the +9 sword of Zonguldrok {reap}
 67509 | Crypt:3  | Got the Tome of Lightness and Transformation
 67642 | Crypt:3  | Found a staircase to the Tomb.
 68051 | Tomb:1   | Entered Level 1 of the Tomb of the Ancients
 68626 | Tomb:1   | Noticed a royal mummy
 68642 | Tomb:1   | Killed a royal mummy
 68647 | Tomb:1   | Noticed a royal mummy
 68655 | Tomb:1   | Killed a royal mummy
 69089 | Tomb:2   | Noticed a royal mummy
 69100 | Tomb:2   | Noticed a royal mummy
 69103 | Tomb:2   | Noticed a royal mummy
 69212 | Tomb:2   | Noticed a royal mummy
 69916 | Tar:1    | Entered Level 1 of Tartarus
 69916 | Tar:1    | Noticed an ancient lich
 69923 | Tar:1    | Killed an ancient lich
 70345 | Tar:2    | HP: 3/182 [spectral juggernaut (14)]
 70345 | Tar:2    | HP: 1/177 [spectral juggernaut (2)]
 70346 | Tar:2    | Engulfed by a putrid mouth's foul pestilence

Illustrated notes

Levels and vault maps discovered:
D:1:      heliophobic_arrival_enchanted_forest, layout_rooms,
          dreamdust_ecumenical_altar_sealed_demon
D:2:      layout_loops_ring, serial_shops, nicolae_shop_advertising_works
          [nicolae_subvault_shop_adworks], hangedman_glass_teeth
D:3:      layout_rooms, uniq_terence
D:4:      layout_loops_cross
D:5:      layout_rooms, lemuel_doored_altar
D:6:      layout_basic, mainiacjoe_overflow_concentric_impassable, uniq_duvessa
D:7:      layout_loops_ring, minmay_temple_entry_butterflies,
          lightli_bailey_entry_fortress, ebering_ghost_reflecting_pool
D:8:      layout_rooms, nicolae_dithmenos_shadow_blocks, minmay_evil_grid,
          uniq_joseph
D:9:      layout_long_grid, gammafunk_temple_overflow_forgotten, david_orc_5
D:10:     layout_roguey, kennysheep_orc_sif_temple, david_lair_shrubbed,
          minmay_fire_ice_demons, uniq_erica
D:11:     layout_gridville
D:12:     layout_cave_pools, guppyfry_shop_venom, uniq_jorgrun
D:13:     layout_basic, drop_trap
D:14:     layout_big_octagon, david_vaults_5, elyvilon_altar_5, uniq_agnes,
          uniq_roxanne, uniq_azrael
D:15:     gammafunk_enter_depths_forms, layout_rooms, old_standard_altar
Temple:   regret_index_temple_generic_petals
Lair:1:   layout_hall_layers, chequers_serial_rivers_small_b,
          grunt_forest_small_clearing_treed, lemuel_fruit_tree,
          grunt_megastairs_2, infiniplex_staircase_pool_2
Lair:2:   nzn_winding_woodlands_large [nzn_winding_woodlands_5x5_perimeter,
          nzn_winding_woodlands_5x15_pathside_ponds,
          nzn_winding_woodlands_5x5_closed_star,
          nzn_winding_woodlands_center_garden,
          nzn_winding_woodlands_15x15_eel_pit,
          nzn_winding_woodlands_center_triple_pond,
          nzn_winding_woodlands_5x5_default, nzn_winding_woodlands_5x15_pool,
          nzn_winding_woodlands_hourglass], layout_chaotic_city,
          minmay_shoals_entry_hut
Lair:3:   layout_cave_pods, minmay_snake_entry_six_corridors, st_stairs_11,
          grunt_forest_large_clearings
Lair:4:   layout_hall_layers, kennysheep_basilisk_garden
Lair:5:   layout_loops_ring, portal_ice_cave_entry_pillars_2, dpeg_oklob_1,
          infiniplex_staircase_pool
Lair:6:   wormcave, layout_hall_layers, dpeg_slime_entry_enclosed_altar,
          chequers_serial_rivers_micro_a, lemuel_fruit_fields, uniq_nessos
Shoals:1: layout_shoals, uniq_frances
Shoals:2: layout_shoals
Shoals:3: cheibrodos_shoals_epimethial_gifts, layout_shoals, uniq_polyphemus
Shoals:4: shoals_end_grunt_ice, layout_shoals, shoal_ilsuiw
Snake:1:  layout_gridlike, basic_altar, grunt_megastairs_3, uniq_louise
Snake:2:  layout_chambers, serial_shops, shop, uniq_aizul
Snake:3:  layout_misc_corridors, uniq_vashnia
Snake:4:  johnstein_snake_rune_scales, layout_cave_town, nicolae_alphabet_shops
Slime:1:  layout_caves
Slime:2:  layout_caves
Slime:3:  layout_caves
Slime:4:  layout_caves
Slime:5
Orc:1:    layout_diamond_mine, lightli_volcano_entry_magma_tube, basic_altar,
          uniq_josephine, uniq_urug
Orc:2:    grunt_orc_tribal_feast, layout_caves, basic_altar,
          nicolae_orc_crystal_geode
Elf:1:    minmay_elf_arrival_plus, layout_geoelf_octagon, serial_shops,
          bzr_entry_road, evilmike_minifort
Elf:2:    nicolae_elf_blades_splatter_lattice
          [nicolae_vaults_blade_armed_guards], layout_geoelf_octagon,
          mu_enter_wizlab_5, serial_shops, shop, glass_columns_c, hex_tiny,
          minmay_crystal_room, abandoned_shop, library_closet
Elf:3:    minmay_elf_hall_statues, layout_rooms, serial_shops,
          nicolae_shop_hallway_stairs, uniq_asterion
Vaults:1: v_alt_pattern_4, ontoclasm_vaults_bender,
          nicolae_vaults_circle_grid_a, vaults_mumra_lcd, v_misc_16,
          hangedman_vaults_hat, ontoclasm_vaults_ring_small,
          grunt_vaults_hallway_long, nicolae_vaults_windows_and_doors_thing,
          vaults_dpeg_ring, layout_vaults_omnicross,
          nicolae_trove_entry_isolated
Vaults:2: portal_desolation_entry_holy_temple, v_pattern_5, v_alt_pattern_1,
          vaults_room_fours, v_misc_22, nicolae_vaults_know_your_exits,
          hangedman_vaults_stretched_pinwheel, v_rooms_5,
          hangedman_vaults_unwind, nicolae_vaults_alarming,
          nicolae_vaults_border_crossing, layout_vaults_omnibox
Vaults:3: minmay_crypt_entry_vampire_xt, ontoclasm_vaults_pinch, v_misc_32,
          hangedman_vaults_pinch, nicolae_vaults_puzzle_piece, v_misc_14,
          v_misc_29, ontoclasm_vaults_fault, nicolae_vaults_network_star,
          ontoclasm_vaults_claustrophobia, dpeg_vaults_waves,
          hangedman_vaults_impose, nicolae_vaults_mini_display_case,
          nicolae_vaults_little_ls, layout_vaults_maze_bifur
Vaults:4: vaults_room_door_ring, v_alt_pattern_3, ontoclasm_vaults_chip,
          vaults_dpeg_diagonal, vaults_room_door_hall,
          nicolae_vaults_circle_grid_b, nicolae_vaults_ring_of_whatevers,
          layout_vaults_omnigrid, serial_shops, shop_coins
Vaults:5: serial_shops, uniq_xtahua
Crypt:1:  layout_regular_city, gammafunk_ghost_necromancy
Crypt:2:  layout_rooms, basic_altar, minivault_11, minmay_strange_pillars,
          grunt_megastairs_4
Crypt:3:  cryptofortress_bobbens, uniq_saint_roka
Tomb:1
Tomb:2
Depths:1: layout_basic, enter_ziggurat_b, grunt_hell_entry_dis_mu,
          grunt_pan_entry_zigzag, gammafunk_ghost_split,
          minmay_misc_feat_diagonals, chequers_serial_rivers_micro_b,
          corexii_corridor_pit, corexii_leaking_fountain,
          lemuel_zombie_altar_kikubaaqudgha, serial_bayou_shore_b, uniq_nikola
Depths:2: evilmike_diamond_2, layout_small_grid, hellmouth_3, nrook_mini_vaults,
          rand_demon_pan_entry_7, kennysheep_doodads, grunt_potential
Depths:3: minmay_the_grid_square_5x5_3x3 [minmay_the_grid_square_5x5_minibox,
          minmay_the_grid_square_5x5_slash,
          minmay_the_grid_square_5x5_broken_cross,
          minmay_the_grid_square_5x5_moneybag,
          minmay_the_grid_square_5x5_megaprize_open,
          minmay_the_grid_square_5x5_three_small,
          minmay_the_grid_square_5x5_hollow_slash,
          minmay_the_grid_square_5x5_bite,
          minmay_the_grid_square_5x5_gyroscope], layout_cave_shapes,
          nicolae_abyss_entry_one_way_or_another, hell_entry, serial_bayou,
          serial_bayou_shore_a, serial_bayou_pond_a, serial_bayou_lake_a,
          serial_bayou_pond_a, serial_bayou_crossing, serial_bayou_pond_d,
          pan_entry, infiniplex_staircase_door_maze
Depths:4: grunt_runaround [grunt_runaround_doors_1, grunt_runaround_doors_2,
          grunt_runaround_doors_3, grunt_runaround_doors_4,
          grunt_runaround_zot], hell_entry
Hell
Tar:1:    layout_catacombs, nicolae_tar_cuneiform_oil,
          nicolae_tar_spectre_spectrum
Tar:2:    nicolae_tar_intersect_combbox, layout_cathedral_of_symmetry,
          nicolae_tar_cuneiform_heaven, nicolae_tar_cuneiform_bird,
          evilmike_ambush [evilmike_ambush_outer_basic,
          evilmike_ambush_inner_pond]
Zot:1:    layout_gridlike
Zot:2:    layout_gridlike
Zot:3:    layout_cathedral_of_symmetry
Zot:4:    layout_basic, st_stairs_8, st_small_dragon_hoard_3,
          grunt_ministairs_10, grunt_megastairs_5

Skill      XL: |  1  2  3  4  5  6  7  8  9 10 11 12 13 14 15 16 17 18 19 20 21 22 23 24 25 26 27 |
---------------+----------------------------------------------------------------------------------+-----
Short Blades   | 2 4 5 6 7 9 10 11 13 15 16 | 16.1
Fighting       | 1 3 5 7 9 10 11 12 14 15 16 17 26 | 26.4
Evocations     | 2 4 5 6 8 |  8.0
Throwing       | 2 4 |  4.0
Armour         | 3 5 6 8 9 11 12 13 14 15 | 15.0
Invocations    | 3 6 8 10 12 14 16 17 18 19 20 21 22 24 25 26 27 | 27.0
Shields        | 3 5 7 9 10 12 14 15 17 20 | 20.0
Dodging        | 3 7 9 10 11 12 14 15 16 18 | 18.0
Axes           | |  3.6
Spellcasting   | |  3.2

Action                   |  1- 3 |  4- 6 |  7- 9 | 10-12 | 13-15 | 16-18 | 19-21 | 22-24 | 25-27 || total
-------------------------+-------+-------+-------+-------+-------+-------+-------+-------+-------++-------
Melee: Hand axe          |    33 |       |       |       |       |       |       |       |       ||    33
       Bite              |    17 |    37 |   118 |   164 |   549 |   665 |  1194 |  1412 |  2687 ||  6843
       Short sword       |    54 |   200 |   246 |       |       |       |       |       |       ||   500
       Punch             |       |     3 |     5 |     2 |       |       |       |       |       ||    10
       Dagger            |       |       |   134 |   430 |  1279 |  1414 |       |       |       ||  3257
       Rapier            |       |       |       |       |       |    87 |  2412 |  2321 |  4263 ||  9083
Throw: Dart              |       |       |     4 |     1 |     3 |       |       |       |       ||     8
Invok: Stomp             |       |       |       |     4 |     3 |       |     6 |       |    11 ||    24
       Line Pass         |       |       |       |     2 |     3 |     4 |     3 |     1 |     2 ||    15
       Grand Finale      |       |       |       |     1 |     7 |     4 |     2 |     3 |     6 ||    23
Evoke: Wand              |       |       |     1 |     1 |     9 |     4 |       |       |       ||    15
       Box of beasts     |       |       |       |     1 |       |     4 |     2 |     1 |       ||     8
       Lightning rod     |       |       |       |       |       |     3 |       |       |       ||     3
       Phial of floods   |       |       |       |       |       |     2 |       |       |       ||     2
       Condenser vane    |       |       |       |       |       |     1 |     1 |       |     1 ||     3
  Use: Scroll            |       |    11 |     3 |     9 |     8 |     6 |     3 |     2 |    34 ||    76
       Potion            |       |     1 |       |       |       |     3 |       |       |    12 ||    16
 Stab: Paralysed         |       |       |       |    23 |   103 |   126 |   159 |   195 |   340 ||   946
       Petrified         |       |       |       |     2 |       |       |       |       |       ||     2
       Distracted        |       |       |       |     1 |       |       |     2 |       |     1 ||     4
       Petrifying        |       |       |       |     1 |       |       |       |       |     2 ||     3
       Confused          |       |       |       |       |     1 |     2 |     4 |       |       ||     7
Armor: Leather armour    |    12 |       |       |       |       |       |       |       |       ||    12
       Chain mail        |    39 |    99 |    28 |       |       |       |       |       |       ||   166
       Skin              |       |    16 |       |       |       |       |       |       |       ||    16
       Plate armour      |       |       |   107 |   155 |   516 |   468 |   641 |   483 |   173 ||  2543
       Storm dragon scal |       |       |       |       |       |       |       |       |   700 ||   700
Dodge: Dodged            |    41 |    54 |   105 |   145 |   273 |   347 |   412 |   550 |  1278 ||  3205
Block: Buckler           |       |       |       |    11 |   261 |    79 |       |       |       ||   351
       Kite shield       |       |       |       |       |       |   450 |   857 |   984 |  1906 ||  4197

Table legend: (Time is in decaauts)
 A = Elapsed time spent in this place.
 B = Non-inter-level travel time spent in this place.
 C = Inter-level travel time spent in this place.
 D = Time resting spent in this place.
 E = Time spent auto-exploring this place.
 F = Levels seen in this place.
 G = Mean time per level.
                   A        B        C        D        E       F      G
               +--------+--------+--------+--------+--------+-----+--------+
         Total |  63791 |  56806 |   6985 |   5729 |  33069 |  86 |  741.8 |
       Dungeon |  12907 |  10780 |   2127 |   1048 |   6936 |  15 |  860.5 |
        Temple |    185 |    163 |     22 |      0 |    154 |   1 |  185.0 |
          Lair |   6502 |   5484 |   1018 |    492 |   3907 |   6 | 1083.7 |
        Shoals |   4009 |   3747 |    262 |    436 |   2343 |   4 | 1002.2 |
     Snake Pit |   4481 |   4178 |    303 |    676 |   2165 |   4 | 1120.2 |
    Slime Pits |   1023 |    906 |    117 |    195 |    413 |   5 |  204.6 |
  Orcish Mines |   1537 |   1352 |    185 |    172 |    771 |   2 |  768.5 |
   Elven Halls |   4259 |   3860 |    399 |    713 |   1788 |   3 | 1419.7 |
        Vaults |   6400 |   5654 |    746 |    207 |   3589 |   5 | 1280.0 |
         Crypt |   2342 |   2145 |    197 |     51 |   1403 |   3 |  780.7 |
          Tomb |   1317 |   1139 |    178 |    263 |    515 |   2 |  658.5 |
        Depths |   6045 |   4845 |   1200 |    438 |   2608 |   4 | 1511.2 |
          Hell |    425 |    380 |     45 |      2 |    250 |   1 |  425.0 |
      Tartarus |    357 |    342 |     15 |      8 |    216 |   2 |  178.5 |
           Zot |   3717 |   3552 |    165 |     56 |   2984 |   4 |  929.2 |
         Abyss |    890 |    890 |      0 |     11 |     68 |   5 |  178.0 |
   Pandemonium |   4901 |   4901 |      0 |    507 |   2377 |  14 |  350.1 |
        Bazaar |    114 |    114 |      0 |      0 |     57 |   1 |  114.0 |
        Bailey |    347 |    347 |      0 |    139 |     56 |   1 |  347.0 |
      Ice Cave |    112 |    112 |      0 |      0 |      9 |   1 |  112.0 |
       Volcano |    362 |    362 |      0 |     46 |     90 |   1 |  362.0 |
        Wizlab |    848 |    848 |      0 |    245 |     51 |   1 |  848.0 |
    Desolation |    701 |    701 |      0 |     19 |    318 |   1 |  701.0 |
               +--------+--------+--------+--------+--------+-----+--------+

Top non-repeatable levels by time:
Depths:2: 1748 daAuts
   Elf:2: 1591 daAuts
Depths:1: 1570 daAuts
Depths:4: 1550 daAuts
 Snake:2: 1510 daAuts
  Lair:6: 1489 daAuts
   Elf:1: 1457 daAuts
Vaults:5: 1445 daAuts
Vaults:3: 1358 daAuts
Vaults:2: 1358 daAuts
Shoals:4: 1329 daAuts
 Snake:4: 1285 daAuts
   Zot:4: 1266 daAuts
   Elf:3: 1210 daAuts
     D:7: 1201 daAuts
